 Dungeon Crawl Stone Soup version 0.30-a0-879-ga8ba668304 (webtiles) character file.

Game seed: 3954131243544328112

18 Mickster the Ducker (level 2, 0/15 HPs)
             Began as a Deep Elf Wanderer on Mar 13, 2023.
             Slain by an iguana (7 damage)
             ... on level 2 of the Dungeon.
             The game lasted 00:06:46 (327 turns).

Mickster the Ducker (Deep Elf Wanderer)              Turns: 327, Time: 00:06:47

Health: 0/15       AC:  6    Str:  6    XL:     2   Next: 48%
Magic:  3/8        EV: 14    Int: 16    God:
Gold:   31         SH:  4    Dex: 17    Spells: 6/7 levels left

rFire   . . .      SeeInvis .    a - +0 dagger
rCold   . . .      Faith    .    e - +0 buckler {AC+3}
rNeg    . . .      Spirit   .    d - +0 robe
rPois   .          Reflect  .    b - +0 helmet
rElec   .          Rampage  .    (no cloak)
rCorr   .                        (no gloves)
Will    .....                    (no boots)
Stlth   ++                       (no amulet)
HPRegen 0.22/turn                (no ring)
MPRegen 0.11/turn                (no ring)

@: no status effects
A: no striking features
a: no special abilities


You were on level 2 of the Dungeon.
You visited 1 branch of the dungeon, and saw 2 of its levels.

You collected 31 gold pieces.

Inventory:

Hand Weapons
 a - a +0 dagger (weapon)
Missiles
 f - 9 stones
Armour
 b - a +0 helmet (worn)
 d - a +0 robe (worn)
 e - a +0 buckler of protection (worn)
Scrolls
 c - 3 scrolls of teleportation
Potions
 g - a potion of brilliance


   Skills:
 * Level 0.1 Short Blades
 * Level 1.3 Throwing
 * Level 1.0 Armour
 + Level 5.2 Dodging
 + Level 1.5 Shields
 + Level 3.0 Spellcasting
 * Level 1.1 Earth Magic


You had 6 spell levels left.
You knew the following spells:

 Your Spells              Type           Power      Damage    Failure   Level
a - Sandblast             Erth           12%        2d6       16%         1

Your spell library contained the following spells:

 Spells                   Type           Power      Damage    Failure   Level
 Stone Arrow              Conj/Erth      8%         3d7       52%         3


Dungeon Overview and Level Annotations

Branches:
Dungeon (2/15)

Altars:


Message History

The iguana is moderately wounded.
The iguana misses you.
Casting: Sandblast (safe; 16% risk of failure)
Confirm with . or Enter, or press ? or * to list all spells.
Aiming: Sandblast (safe; 16% risk of failure)
Press: ? - help, Shift-Dir - straight line, f/p - iguana
Aim: an iguana (moderately wounded, 83% to hit)
You miscast Sandblast.
You are very lightly contaminated with residual magic.
Nothing appears to happen.
You block the iguana's attack.
Casting: Sandblast (safe; 16% risk of failure)
Confirm with . or Enter, or press ? or * to list all spells.
Aiming: Sandblast (safe; 16% risk of failure)
Press: ? - help, Shift-Dir - straight line, f/p - iguana
Aim: an iguana (moderately wounded, 83% to hit)
The blast of sand hits the iguana.
The iguana is heavily wounded.
The iguana bites you but does no damage.
The iguana bites you!
Ouch! That really hurt!
You barely miss the iguana.
The iguana is heavily wounded.
The iguana bites you but does no damage.
You hit the iguana but do no damage.
The iguana is heavily wounded.
The iguana bites you but does no damage.
You hit the iguana but do no damage.
The iguana is heavily wounded.
The iguana misses you.
You hit the iguana.
The iguana is heavily wounded.
The iguana closely misses you.
You hit the iguana but do no damage.
The iguana is heavily wounded.
The iguana barely misses you.
Your magical contamination has completely faded away.
You hit the iguana but do no damage.
The iguana is heavily wounded.
The iguana bites you!
You die...

#.. #..8#8.........#
#....#......###.#######
#....................
#.....##...........##..
#.....#....<.......##
..#####.............# .
#.#######'###.# #. #.#
... #. #@# ...
......$.l.# ..
......... ..........
..........# .###...####
#... #...


You could see an iguana.

Vanquished Creatures
  2 endoplasms (D:1)
  4 hobgoblins
  2 kobolds (D:1)
  A ball python (D:2)
  A bat (D:1)
  A frilled lizard (D:2)
  4 goblins
15 creatures vanquished.

Notes
Turn   | Place    | Note
-------+----------+-------------------------------------------
     0 | D:1      | Mickster the Deep Elf Wanderer began the quest for the Orb.
     0 | D:1      | Mickster set off with the following items: a +0 dagger, a
                  | +0 helmet, a scroll of teleportation, a +0 robe, a +0
                  | buckler of protection; and the following spell memorised:
                  | Sandblast; and the following spells available to memorise:
                  | Stone Arrow.
     0 | D:1      | Reached XP level 1. HP: 10/10 MP: 6/6
    38 | D:1      | Reached skill level 5 in Dodging
   116 | D:1      | Reached XP level 2. HP: 15/15 MP: 5/8
   188 | D:1      | Reached skill level 1 in Earth Magic
   327 | D:2      | Slain by an iguana

Illustrated notes

Levels and vault maps discovered:
D:1:      pf_arrival_petrified_forest, layout_basic, nicolae_eternal_life
D:2:      layout_basic, minmay_statues_item, hangedman_decor_push,
          minmay_misc_feat_cross, uniq_crazy_yiuf_cottage, uniq_natasha,
          uniq_robin

Skill      XL: |  1  2 |
---------------+-------+-----
Dodging        | 5 |  5.2
Earth Magic    | 1 |  1.1
Short Blades   | |  0.1
Throwing       | |  1.3
Armour         | |  1.0
Shields        | |  1.5
Spellcasting   | |  3.0

Action                     || total
---------------------------++-------
  Melee: Dagger            ||    24
   Cast: Sandblast         ||    20
    Use: Scroll            ||     1
 Armour: Robe              ||     9
  Dodge: Dodged            ||    28
  Block: Buckler           ||     9

Table legend: (Time is in decaauts)
 A = Elapsed time spent in this place.
 B = Non-inter-level travel time spent in this place.
 C = Inter-level travel time spent in this place.
 D = Time resting spent in this place.
 E = Time spent auto-exploring this place.
 F = Levels seen in this place.
 G = Mean time per level.
                   A        B        C        D        E       F      G
               +--------+--------+--------+--------+--------+-----+--------+
         Total |    337 |    337 |      0 |      0 |      0 |   2 |  168.5 |
       Dungeon |    337 |    337 |      0 |      0 |      0 |   2 |  168.5 |
               +--------+--------+--------+--------+--------+-----+--------+

Top non-repeatable levels by time:
     D:1: 218 daAuts
     D:2: 119 daAuts
